 Dungeon Crawl Stone Soup version 0.28-a0-8-g6e044cfa68 (webtiles) character file.

Game seed: 1354678260852985161

56 Zonian the Digger (level 3, 0/20 HPs)
             Began as a Gargoyle Earth Elementalist on July 24, 2021.
             Slain by a goblin (2 damage)
             ... led by Robin
             ... on level 2 of the Dungeon.
             The game lasted 00:04:56 (2827 turns).

Zonian the Digger (Gargoyle Earth Elementalist)     Turns: 2827, Time: 00:04:56

Health: 0/20       AC:  5    Str: 11    XL:     3   Next: 95%
Magic:  6/6        EV: 11    Int: 16    God:
Gold:   50         SH:  0    Dex: 10    Spells: 5/6 levels left

rFire   . . .      SeeInvis .   (no weapon)
rCold   . . .      Faith    .   (no shield)
rNeg    + . .      Spirit   .   b - +0 robe
rPois   ∞          Reflect  .   (no helmet)
rElec   +          Harm     .   (no cloak)
rCorr   .          Rampage  .   (no gloves)
Will    .....                   (no boots)
Stlth   ++........              (no amulet)
HPRegen 0.06/turn               (no ring)
MPRegen 0.10/turn               (no ring)

@: about to teleport
A: sickness immunity, AC +3, negative energy resistance 1, electricity
resistance, torment resistance 1, petrification resistance
a: no special abilities


You were on level 2 of the Dungeon.
You visited 1 branch of the dungeon, and saw 2 of its levels.

You collected 100 gold pieces.
You spent 50 gold pieces at shops.

Inventory:

Missiles
 c - 78 stones
Armour
 b - a +0 robe (worn)
 i - a +2 ring mail of cold resistance
Scrolls
 a - a scroll of acquirement {unknown}
 d - a scroll of teleportation
Potions
 e - a potion of might {unknown}
 f - a potion of degeneration {unknown}
 j - a potion of heal wounds


   Skills:
 + Level 1.5 Fighting
 - Level 1.5 Dodging
 + Level 3.0 Stealth
 + Level 2.4 Spellcasting
 - Level 0.7 Transmutations
 + Level 4.4 Earth Magic


You had 5 spell levels left.
You knew the following spells:

 Your Spells              Type           Power      Damage    Failure   Level
a - Sandblast             Erth           32%        2d9       3%          1

Your spell library contained the following spells:

 Spells                   Type           Power      Damage    Failure   Level
 Passwall                 Tmut/Erth      8%         N/A       11%         2
 Stone Arrow              Conj/Erth      18%        3d8       24%         3
 Gell's Gravitas          Tloc           0%         N/A       52%         3
 Teleport Other           Tloc           1%         N/A       52%         3
 Petrify                  Tmut/Erth      10%        N/A       56%         4
 Dispersal                Tloc           0%         N/A       100%        6


Dungeon Overview and Level Annotations

Branches:
Dungeon (2/15)

Altars:

Shops:
D:1 *

Annotations:
D:2 Robin


Innate Abilities, Weirdness & Mutations

You are immune to sickness and miasma.
Your stone body is resilient. (AC +3)
You are immune to poison.
You resist negative energy. (rN+)
You are resistant to electric shocks. (rElec)
You are resistant to unholy torment.
You are immune to petrification.


Message History

A goblin comes into view. It is wielding a +0 club. x2
The goblin shouts! x2
The hobgoblin shouts!
A goblin comes into view. It is wielding a +0 dagger.
Robin throws the goblin at you! The goblin misses you.
The goblin hits you with a +0 club.
You closely miss the goblin.
The goblin hits you with a +0 dagger of flaming.
The goblin burns you. The goblin closely misses you.
You hit the goblin.
The goblin is heavily wounded.
The goblin hits you with a +0 dagger of flaming.
The goblin burns you. Robin throws the goblin at you!
The goblin hits you but does no damage.
You hit the goblin.
You kill the goblin!
The goblin closely misses you. The goblin hits you with a +0 club.
A hobgoblin comes into view.
You barely miss the goblin. The goblin barely misses you.
The rat barely misses you.
The goblin hits you with a +0 dagger of flaming.
The goblin burns you. The goblin closely misses you.
Robin throws the goblin at you! The goblin barely misses you.
Unknown command.
As you read the scroll of teleportation, it crumbles to dust.
You feel strangely unstable. The goblin misses you. The rat bites you.
* * * LOW HITPOINT WARNING * * *
The goblin barely misses you. x2; The goblin hits you with a +0 club.
* * * LOW HITPOINT WARNING * * *
The goblin closely misses you.
Unknown command.
You barely miss the goblin.
The hobgoblin shouts!
The goblin hits you but does no damage.
A goblin comes into view. It is wielding a +0 dagger.
The rat bites you.
* * * LOW HITPOINT WARNING * * *
The goblin barely misses you. The goblin closely misses you.
The goblin hits you with a +0 club.
You die...

##.### .....#
...#.##### .........#
...#.###.# #..#.# #.#
#..#.###.#########
#..#...........gg##
#..#####.......g@g#
...# #########gr#
#.### #gg# ....# #.g#
#.#.# #.g#** #.#.#
*****#...,**
#.#.#******,,,,...#g,*
#.#.#*,,,,,,,,,..g..,*
..#.#*,,***,,,,###.,.*


You could see Robin, 2 hobgoblins, 7 goblins and a rat.

Vanquished Creatures
  2 adders (D:2)
  A dart slug (D:2)
  3 ball pythons
  2 endoplasms (D:1)
  A giant cockroach (D:2)
  5 goblins
  3 hobgoblins (D:1)
  4 frilled lizards
  8 kobolds
  7 rats
36 creatures vanquished.

Notes
Turn   | Place    | Note
-------+----------+-------------------------------------------
     0 | D:1      | Zonian the Gargoyle Earth Elementalist began the quest for
                  | the Orb.
     0 | D:1      | Reached XP level 1. HP: 10/10 MP: 3/3
   471 | D:1      | Reached XP level 2. HP: 16/16 MP: 0/5
   732 | D:1      | Reached skill level 4 in Earth Magic
  1809 | D:1      | Found Qoycrel's Assorted Antiques.
  1818 | D:1      | Bought a scroll labelled LYF GUDOXEBBULAS for 25 gold
                  | pieces
  1818 | D:1      | Bought a scroll labelled LYF GUDOXEBBULAS for 25 gold
                  | pieces
  1951 | D:2      | Reached skill level 1 in Fighting
  2038 | D:2      | Reached XP level 3. HP: 20/20 MP: 3/6
  2819 | D:2      | Noticed Robin
  2827 | D:2      | Slain by a goblin

Illustrated notes

Levels and vault maps discovered:
D:1:      dpeg_arrival_simpleton_c, layout_rooms, serial_shops,
          nicolae_shop_overgrown_old_shop
D:2:      layout_loops_ring, fountainhead, uniq_robin

Skill      XL: |  1  2  3 |
---------------+----------+-----
Earth Magic    | 4 |  4.4
Fighting       | 1 |  1.5
Stealth        | 3 |  3.0
Dodging        | |  1.5
Spellcasting   | |  2.4
Transmutations | |  0.7

Action                   || total
-------------------------++-------
Melee: Unarmed           ||     9
 Cast: Sandblast         ||    52
  Use: Scroll            ||     9
 Stab: Sleeping          ||     1
Armor: Robe              ||    15
Dodge: Dodged            ||    25

Table legend: (Time is in decaauts)
 A = Elapsed time spent in this place.
 B = Non-inter-level travel time spent in this place.
 C = Inter-level travel time spent in this place.
 D = Time resting spent in this place.
 E = Time spent auto-exploring this place.
 F = Levels seen in this place.
 G = Mean time per level.
                   A        B        C        D        E       F      G
               +--------+--------+--------+--------+--------+-----+--------+
         Total |   2826 |   2802 |     24 |   1632 |    805 |   2 | 1413.0 |
       Dungeon |   2826 |   2802 |     24 |   1632 |    805 |   2 | 1413.0 |
               +--------+--------+--------+--------+--------+-----+--------+

Top non-repeatable levels by time:
     D:1: 1946 daAuts
     D:2: 880 daAuts
